Map: Golden Wall LE

Players

Steadfast

  • Race: Zerg Zerg
  • League: Master
  • Spawn Location: 5:00

CalebAracous - Winner!

  • Race: Zerg Zerg
  • Spawn Location: 7:00

Event: The Miserable Cup

VOD

Have the link to the VOD?

Description

Time

  • Played on: June 20, 2020, 11:17 a.m.
  • Length: 5:23

All games in this series

Show
View Real Time Build Order
Export as new Build Order

Steadfast Zerg 

Build Orders: Pool First 

Get SALT Encoding   

  12  0:00  Drone  
  13  0:09  Extractor  
  12  0:24  Spawning Pool  
  12  0:28  Drone  
  12  0:33  Drone  
  13  0:39  Drone  
  14  0:50  Overlord  
  14  1:15  Zergling x4  
  14  1:16  Metabolic Boost  
  14  1:17  Zergling x2  
  17  1:30  Zergling x2  
  18  1:37  Zergling x2  
  19  1:48  Hatchery  
  19  1:50  Zergling x2  
  19  1:59  Zergling x2  
  20  2:06  Queen  
  22  2:17  Overlord  
  22  2:37  Zergling x4  
  22  2:42  Queen  
  25  2:56  Drone x2  
  24  3:01  Spine Crawler  
  24  3:03  Drone x2  
  25  3:13  Zergling x2  
  24  3:30  Zergling x8  
  23  3:36  Zergling x2  
  24  3:55  Zergling x18  
  32  4:10  Overlord  
  20  4:29  Queen  
  22  4:32  Drone  
  22  4:33  Drone  
  24  4:40  Drone  
  25  4:52  Zergling x2  
  26  5:01  Zergling x2  
Show
View Real Time Build Order
Export as new Build Order

CalebAracous Zerg - Winner!

Build Orders: Pool First 

Get SALT Encoding   

  12  0:00  Drone  
  13  0:14  Overlord  
  13  0:20  Drone  
  14  0:33  Drone  
  14  0:34  Drone  
  16  0:45  Drone  
  16  0:46  Extractor  
  16  0:48  Spawning Pool  
  15  0:50  Drone  
  16  0:59  Drone  
  17  1:18  Hatchery  
  16  1:35  Zergling x6  
  16  1:39  Queen  
  21  1:47  Metabolic Boost  
  21  1:56  Overlord  
  21  2:15  Queen  
  23  2:22  Spine Crawler  
  22  2:26  Zergling x4  
  22  2:28  Zergling x2  
  25  2:33  Zergling x2  
  26  2:41  Zergling x4  
  28  2:53  Zergling x2  
  28  2:54  Zergling x2  
  28  2:58  Baneling Nest  
  28  3:40  Zergling x6  
  29  3:44  Baneling x3  
  29  3:54  Overlord  
  29  3:56  Hatchery  
  26  4:17  Zergling x6  
  25  4:25  Zergling x6  
  28  4:37  Baneling x4  
  28  4:45  Drone x2  
  29  5:06  Zergling x8  
  33  5:12  Spine Crawler  
  31  5:16  Spine Crawler  
Tags
 
Add a new tag
Caveats
  • Supply blocks, unpowered buildings, or Contaminate may cause inaccurate times.
  • Supply counts are checked every 10 seconds.